Map: Tours du crépuscule

Players

Miikachu - Winner!

  • Race: Terran Terran
  • Spawn Location: 1:00

zidar

  • Race: Zerg Zerg
  • League: Gold
  • Spawn Location: 7:00

VOD

Have the link to the VOD?

Description

Time

  • Played on: June 18, 2016, 12:10 p.m.
  • Length: 10:52
Show
View Real Time Build Order
Export as new Build Order

Miikachu Terran - Winner!

Build Orders: Reaper Expand 

Get SALT Encoding   

  12  0:01  SCV  
  13  0:13  SCV  
  14  0:22  Supply Depot  
  14  0:25  SCV  
  15  0:43  SCV  
  15  0:45  Barracks  
  15  0:47  Refinery  
  16  0:55  SCV  
  17  1:08  SCV  
  18  1:20  SCV  
  19  1:32  Reaper, Orbital Command  
  20  1:42  Command Center  
  20  1:52  Supply Depot  
  20  1:58  SCV  
  21  2:08  Barracks Reactor  
  21  2:10  Barracks, SCV  
  22  2:22  SCV  
  23  2:34  SCV  
  24  2:46  SCV  
  24  2:52  Marine x2  
  26  2:58  SCV  
  26  3:00  Bunker  
  26  3:02  Barracks Tech Lab  
  26  3:05  Orbital Command  
  27  3:10  Marine x2, SCV  
  30  3:22  Marine  
  30  3:26  SCV, Stimpack  
  32  3:28  Marine  
  32  3:30  Barracks, Factory  
  33  3:37  Ghost Academy  
  33  3:38  Bunker  
  33  3:39  SCV x2  
  33  3:41  Marine x2  
  35  3:45  Marine  
  38  3:52  SCV x2  
  40  4:00  Refinery  
  40  4:04  SCV x2, Engineering Bay  
  40  4:05  Engineering Bay  
  40  4:09  Supply Depot  
  42  4:12  Supply Depot  
  42  4:13  Refinery  
  42  4:16  SCV  
  43  4:17  Refinery  
  43  4:20  SCV  
  43  4:22  Barracks Reactor  
  44  4:27  Factory Reactor, Starport  
  44  4:28  SCV  
  45  4:32  SCV  
  45  4:35  Supply Depot x2  
  46  4:38  Marine x2  
  46  4:40  Marine  
  49  4:46  SCV x2  
  51  4:58  Marine x5, SCV x2  
  58  5:06  Supply Depot  
  58  5:14  Command Center  
  58  5:17  Medivac x2  
  58  5:18  Terran Infantry Weapons Level 1  
  62  5:22  Terran Infantry Armor Level 1  
  62  5:28  SCV  
  63  5:29  SCV  
  63  5:31  Supply Depot  
  63  5:33  Marine x3  
  67  5:37  Marine x2  
  67  5:38  Factory Tech Lab  
  67  5:40  SCV  
  67  5:41  SCV  
  71  5:52  SCV  
  72  6:02  SCV  
  74  6:04  SCV  
  74  6:05  Supply Depot  
  74  6:09  Armory, Missile Turret  
  74  6:10  Missile Turret  
  74  6:14  Marine x5  
  74  6:15  SCV  
  74  6:16  SCV, Siege Tank  
  74  6:17  Medivac  
  86  6:20  Medivac  
  88  6:26  Orbital Command  
  88  6:32  Marine  
  89  6:37  Barracks  
  89  6:40  SCV x2  
  89  6:41  Marine x4  
  95  6:48  Barracks  
  95  6:52  Liberator x2  
  82  7:05  Orbital Command  
  82  7:07  Marine x5  
  82  7:08  Siege Tank  
  91  7:20  Terran Infantry Weapons Level 2, Terran Infantry Armor Level 2  
  91  7:29  Marine x5  
  96  7:38  Barracks Tech Lab  
  96  7:40  Barracks Reactor  
  96  7:42  Supply Depot  
  96  7:43  SCV x3  
  99  7:52  Terran Vehicle Weapons Level 1  
  99  7:55  SCV  
  99  7:58  Missile Turret  
  100  7:59  Marine x5  
  100  8:00  Siege Tank, Medivac x2  
  100  8:01  Marine  
  100  8:05  Supply Depot  
  113  8:07  Supply Depot  
  113  8:08  SCV x3  
  115  8:15  Liberator  
  115  8:16  Marine x2  
  115  8:17  Marine x3  
  120  8:22  Refinery  
  120  8:25  Refinery  
  120  8:27  Marine x3, Missile Turret  
  120  8:32  Siege Tank  
  129  8:37  Supply Depot  
  129  8:38  Liberator, Supply Depot  
  129  8:50  Command Center  
  129  8:52  Marine x2  
  129  8:53  Marine x6  
  129  8:55  Barracks  
  140  8:56  Barracks  
  140  9:04  Siege Tank  
  143  9:10  Marine x4  
  143  9:12  Supply Depot  
  143  9:13  Supply Depot  
  143  9:15  SCV x3  
  150  9:33  Command Center  
  119  10:24  Marine x8  
Show
View Real Time Build Order
Export as new Build Order

zidar Zerg 

Build Orders: Hatch First, Muta Ling Bane 

Get SALT Encoding   

  12  0:01  Drone  
  13  0:12  Overlord  
  13  0:17  Drone  
  14  0:30  Drone x2  
  16  0:50  Hatchery  
  16  0:52  Drone  
  16  0:57  Extractor  
  16  0:58  Drone  
  16  1:15  Spawning Pool  
  16  1:18  Drone  
  16  1:26  Drone  
  17  1:50  Drone  
  18  1:58  Drone  
  19  2:02  Queen x2  
  19  2:04  Zergling x2  
  19  2:05  Zergling x4  
  26  2:12  Drone  
  26  2:15  Metabolic Boost  
  27  2:23  Drone  
  27  2:55  Overlord x4  
  27  3:04  Baneling Nest  
  26  3:07  Pneumatized Carapace  
  26  3:09  Drone  
  27  3:18  Drone x3  
  30  3:22  Extractor  
  30  3:24  Drone x2  
  31  3:39  Drone x4  
  31  3:40  Drone  
  36  3:49  Lair, Queen  
  38  4:14  Zergling x16  
  46  4:34  Hatchery, Zergling x10  
  46  4:36  Baneling x4  
  50  4:38  Baneling x2  
  50  4:55  Spire  
  49  5:00  Extractor  
  49  5:01  Extractor  
  47  5:09  Drone x3  
  47  5:10  Drone x3  
  55  5:18  Overlord  
  53  5:25  Drone x4  
  57  5:38  Drone x4  
  61  5:47  Drone x2  
  63  6:06  Evolution Chamber  
  63  6:07  Evolution Chamber, Drone  
  63  6:10  Zerg Flyer Weapons Level 1  
  62  6:13  Mutalisk x3  
  62  6:14  Mutalisk  
  70  6:20  Drone x3  
  73  6:33  Overseer  
  67  6:56  Centrifical Hooks  
  63  7:15  Mutalisk  
  63  7:16  Mutalisk x3  
  63  7:17  Mutalisk  
  73  7:26  Drone  
  74  7:36  Overlord x3  
  74  7:37  Overlord x2  
  74  8:13  Drone  
  74  8:16  Drone x2  
  77  8:23  Zergling x10  
  77  8:24  Zergling x8  
  86  8:27  Baneling  
  86  8:28  Baneling x7  
  86  8:32  Zerg Melee Weapons Level 1  
  86  8:33  Zerg Ground Armor Level 1  
  86  8:37  Drone x7  
  86  8:38  Drone x2  
  86  8:39  Queen  
  97  8:42  Queen  
  99  9:01  Hatchery  
  98  9:08  Drone x8  
  106  9:23  Baneling x6  
  106  9:26  Overlord x2  
  106  9:27  Overlord x3  
  106  9:47  Zergling x20  
  116  10:02  Corruptor  
  116  10:03  Corruptor x3  
  116  10:05  Corruptor  
  80  10:29  Zergling x16  
Tags
 
Add a new tag
Caveats
  • Supply blocks, unpowered buildings, or Contaminate may cause inaccurate times.
  • Supply counts are checked every 10 seconds.